 Dungeon Crawl Stone Soup version 0.27.0-1-g7a089689b8 (webtiles) character file.

Game seed: 11760397805624137613

16 Spectrina the Magician (level 2, -2/21 HPs)
             Began as a Djinni Necromancer on Aug 17, 2021.
             Slain by a quokka (4 damage)
             ... on level 1 of the Dungeon.
             The game lasted 00:05:04 (269 turns).

Spectrina the Magician (Djinni Necromancer)          Turns: 269, Time: 00:05:04

Health: -2/21      AC:  2    Str:  7    XL:     2   Next: 75%
Gold:   0          EV: 12    Int: 16    God:
                   SH:  0    Dex: 13

rFire    + + .     SeeInvis .   c - +0 hand axe (flame)
rCold    x . .     Faith    .   (no shield)
rNeg     . . .     Spirit   .   a - +0 robe
rPois    ∞         Reflect  .   (no helmet)
rElec    .         Harm     .   (no cloak)
rCorr    .         Rampage  .   (no gloves)
Will     .....                  (boots unavailable)
Stlth    ++........             (no amulet)
HPRegen  0.07/turn              (no ring)
MPRegen  0.00/turn              (no ring)

@: flying
A: sickness immunity, fire resistance 2, cold vulnerability 1, float, innate
caster, hp casting, extra vitality 1
a: no special abilities


You were on level 1 of the Dungeon.
You visited 1 branch of the dungeon, and saw 2 of its levels.

Inventory:

Hand Weapons
 c - a +0 hand axe of flaming (weapon)
Missiles
 d - 13 stones
Armour
 a - a +0 robe (worn)
Magical Staves
 b - a staff of earth


   Skills:
 - Level 2.1 Dodging
 - Level 1.5 Stealth
 + Level 3.8 Spellcasting


You couldn't memorise any spells.
You knew the following spells:

 Your Spells              Type           Power      Damage    Failure   Level
a - Pain                  Necr           60%        1d7       3%          1
b - Animate Skeleton      Necr           30%        N/A       3%          1
c - Vampiric Draining     Necr           7%         2d7       11%         3
d - Animate Dead          Necr           7%         N/A       34%         4
e - Agony                 Necr           15%        N/A       69%         5
Your spell library was empty.

Dungeon Overview and Level Annotations

Branches:
Dungeon (2/15)

Altars:


Innate Abilities, Weirdness & Mutations

You are immune to sickness and miasma.
You are immune to poison.
Your flesh is very heat resistant. (rF++)
You are vulnerable to cold. (rC-)
You float through the air rather than walking.
You learn spells naturally, not from books.
Your magical power is your life essence.
You have superior vitality. (+4 HP)


Message History

Unknown command.
Found 14 sling bullets.
Unknown command.
Casting: Pain (safe; 3% risk of failure)
Confirm with . or Enter, or press ? or * to list all spells.
Aiming: Pain (safe; 3% risk of failure)
Press: ? - help, Shift-Dir - straight line, f - goblin
Aim: a goblin, wielding a +0 club (chance to affect: 85%)
Okay, then.
You aren't carrying any items that you can evoke.
Unknown command.
Casting: Pain (safe; 3% risk of failure)
Confirm with . or Enter, or press ? or * to list all spells.
Aiming: Pain (safe; 3% risk of failure)
Press: ? - help, Shift-Dir - straight line, f - goblin
Aim: a goblin, wielding a +0 club (chance to affect: 85%)
The goblin writhes in agony.
* * * LOW HITPOINT WARNING * * *
Unknown command.
Casting: Pain (safe; 3% risk of failure)
Confirm with . or Enter, or press ? or * to list all spells.
Aiming: Pain (safe; 3% risk of failure)
Press: ? - help, Shift-Dir - straight line, f/p - goblin
Aim: a goblin, wielding a +0 club (heavily wounded, chance to affect: 85%)
The quokka barely resists.
* * * LOW HITPOINT WARNING * * *
The quokka misses you.
Unknown command.
Unknown command.
You aren't carrying any scrolls.
You aren't carrying any potions.
You aren't carrying any items that you can evoke.
The quokka closely misses you.
A kobold comes into view. It is wielding a +0 dagger.
The quokka twitches its whiskers.
The quokka twitches its whiskers.
Unknown command.
The quokka misses you. The quokka bites you.
You die...

#...#.K... #..#
.... #...#.....
#..# .....
#...##....##..#
#.... ## ##.....#
#....# .... #..#.r#
#.####....## ...
#.##..#
#...g..##..### ##.
#....##
###.#####....####..
#..#.# #r.#
##.....#..≈ #....#
#@## #8..≈....≈
#...## ##.#
##...≈..≈≈ #..##
#..#######.....≈≈≈≈
#.##
#.#...>......≈≈≈≈..
#.#
#.#.#####..≈≈≈≈≈..<
#r#
#............≈≈≈≈..
#.#
#.#.######.....≈≈≈≈
#.#
#.#.###..##...≈..≈≈
#.#
#.#.##...#8..≈....≈


You could see a quokka and a goblin.

Vanquished Creatures
  An adder (D:2)
  A ball python (D:1)
  An endoplasm (D:1)
  2 goblins (D:1)
  A hobgoblin (D:1)
  A rat (D:1)
7 creatures vanquished.

Notes
Turn   | Place    | Note
-------+----------+-------------------------------------------
     0 | D:1      | Spectrina the Djinni Necromancer began the quest for the
                  | Orb.
     0 | D:1      | Reached XP level 1. HP: 15/15 MP: 0/0
    72 | D:2      | Reached XP level 2. HP: 5/21 MP: 0/0
   191 | D:1      | HP: 1/21 [ball python (1)]
   269 | D:1      | Slain by a quokka

Illustrated notes

Levels and vault maps discovered:
D:1:      eino_arrival_water_star, layout_rooms,
          shapermc_ecumenical_altar_petra, minmay_hexomino_c4
D:2:      layout_basic, serial_shops, shop_statue

Action                   || total
-------------------------++-------
Melee: Hand axe          ||    12
 Cast: Pain              ||    11
  Use: Scroll            ||     1
Dodge: Dodged            ||    13
